 Dungeon Crawl Stone Soup version 0.23-a0-516-g0f8c245 (webtiles) character file.

2959 qvsushi the Grappler (level 9, -10/84 HPs)
             Began as a Troll Monk on Dec 5, 2018.
             Mangled by an orc warrior
             ... wielding a +0 battleaxe
              (16 damage)
             ... on level 7 of the Dungeon.
             The game lasted 00:21:38 (5733 turns).

qvsushi the Grappler (Troll Monk)                   Turns: 5733, Time: 00:21:38

Health: -10/84     AC:  9    Str: 24    XL:     9   Next: 52%
Magic:  8/8        EV: 14    Int:  6    God:
Gold:   281        SH:  0    Dex: 16    Spells: 8/8 levels left

rFire    . . .     SeeInvis .     - Unarmed
rCold    . . .     Gourm    +   (no shield)
rNeg     . . .     Faith    .   a - +1 robe
rPois    +         Spirit   .   (helmet restricted)
rElec    .         Reflect  .   j - +1 cloak
rCorr    .         Harm     .   (gloves unavailable)
MR       .....     Rnd*Tele +   (boots unavailable)
Stlth    ++........             (no amulet)
HPRegen  0.64/turn              q - ring of poison resistance
MPRegen  0.11/turn              k - ring of teleportation (curse)

@: no status effects
A: large, unfitting armour, claws 3, agile 1, fast metabolism 3, gourmand,
regeneration 1, shaggy fur 2, strong 1, tough skin 2
a: no special abilities


You were on level 7 of the Dungeon.
You were completely stuffed.

You visited 1 branch of the dungeon, and saw 7 of its levels.

You collected 281 gold pieces.

Inventory:

Hand Weapons
 m - a +3 triple crossbow of flaming
Armour
 a - a +1 robe (worn)
 j - a +1 cloak (worn)
 o - +0 fire dragon scales
Jewellery
 k - a cursed ring of teleportation (right claw)
 q - a ring of poison resistance (left claw)
Scrolls
 c - a scroll of immolation
 f - 2 scrolls of teleportation
 s - a scroll of identify
 u - a scroll of remove curse
Potions
 d - 2 potions of ambrosia
 e - 2 potions of mutation
 g - a potion of lignification
 h - 10 potions of curing
 l - a potion of agility
 n - 2 potions of might
 p - a potion of resistance
Miscellaneous
 i - a sack of spiders
Comestibles
 b - 9 rations
 r - a chunk of flesh


   Skills:
 + Level 4.2 Fighting
 + Level 6.1 Dodging
 + Level 2.3 Stealth
 + Level 10.4 Unarmed Combat


You had 8 spell levels left.
You didn't know any spells.
Your spell library contained the following spells:

 Spells                   Type           Power        Failure   Level  Hunger
 Animate Skeleton         Necr           N/A          45%         1    ##.....
 Apportation              Tloc           #.....       45%         1    ##.....
 Confusing Touch          Hex            #.....       45%         1    ##.....
 Summon Small Mammal      Summ           #...         45%         1    ##.....


Dungeon Overview and Level Annotations

Branches:
Dungeon (7/15)
 Temple: D:4-7

Altars:
Hepliaklqana
Qazlal
Ru
Sif Muna
Zin

Shops:
D:4 *


Innate Abilities, Weirdness & Mutations

You are too large for most types of armour.
You have claws for hands.
Your metabolism is lightning-fast.
You like to eat raw meat.
Your natural rate of healing is unusually fast.
You are covered in thick fur. (AC +2)
You have very tough skin. (AC +2)
You are agile. (Dex +2)
Your muscles are strong. (Str +2)


Message History

You scratch the orc warrior but do no damage.
The orc warrior is lightly wounded.
The orc priest mumbles some strange prayers to Beogh against you.
Beogh smites you! The orc warrior barely misses you.
You barely miss the orc warrior.
The orc warrior is lightly wounded.
You barely miss the orc warrior.
The orc warrior is lightly wounded.
The orc warrior hits you with a +0 battleaxe.
You claw the orc warrior! x2
The orc warrior is almost dead.
A giant cockroach comes into view.
The orc warrior hits you with a +0 battleaxe!!
* * * LOW HITPOINT WARNING * * *
You scratch the orc warrior.
The orc warrior is almost dead.
You scratch the orc warrior but do no damage.
The orc warrior is almost dead.
The orc warrior hits you with a +0 battleaxe!
You die...

..#.
#.........(.##....
##..##.........).# .
#..#.........<((.#
#..#....#........#
#......##........#
..%...##.......(....
..#...##.........###
# #.so##.......#..#
##Zoo@).....##....
......########.##
###. ...... §#.#§§
..Z... #.#§§§ ....o.
#.#§§§ ##.# ......
_#§§§ #..# ....##
#..## #...## #....


You could see an orc warrior, an orc priest, an orc, a leopard gecko zombie and
a giant cockroach.

Vanquished Creatures
  Sigmund (D:4)
  4 orc warriors (D:6)
  2 sky beasts (D:6)
  An ice beast (D:6)
  2 phantoms
  3 ogres
  4 centaurs
  3 bullfrogs (D:6)
  A wyvern skeleton (D:7)
  2 scorpions
  3 crimson imps
  A centaur zombie (D:5)
  Crazy Yiuf (D:3)
  A jelly (D:5)
  7 orc priests (D:6)
  A hound (D:4)
  8 orc wizards
  Natasha (twice) (D:2)
  2 iguanas
  A worker ant (D:5)
  A killer bee zombie (D:6)
  A hound skeleton (D:4)
  3 worker ant zombies
  11 adders
  A howler monkey skeleton (D:4)
  A shadow imp (D:6)
  An adder zombie (D:5)
  4 worms
  A dart slug (D:1)
  3 leopard geckos
  18 orcs
  2 ball pythons (D:1)
  3 giant cockroaches
  6 goblins
  5 hobgoblins
  14 jackals
  8 kobolds
  A quokka (D:7)
  11 bats
  7 frilled lizards
  A jackal skeleton (D:2)
  A leopard gecko zombie (D:5)
  9 rats
163 creatures vanquished.

Notes
Turn   | Place    | Note
-------+----------+-------------------------------------------
     0 | D:1      | qvsushi the Troll Monk began the quest for the Orb.
     0 | D:1      | Reached XP level 1. HP: 22/22 MP: 0/0
   102 | D:1      | Reached XP level 2. HP: 29/29 MP: 1/1
   391 | D:1      | Reached XP level 3. HP: 30/36 MP: 2/2
   940 | D:2      | Reached skill level 4 in Unarmed Combat
  1268 | D:2      | Noticed Natasha
  1277 | D:2      | Killed Natasha
  1277 | D:2      | Reached XP level 4. HP: 43/44 MP: 3/3
  1428 | D:2      | Noticed Natasha
  1437 | D:2      | Killed Natasha
  1620 | D:3      | Reached XP level 5. HP: 41/52 MP: 4/4
  1886 | D:3      | Gained mutation: You are covered in thick fur. (AC +2)
                  | [potion of mutation]
  1886 | D:3      | Gained mutation: Your muscles are strong. (Str +2) [potion
                  | of mutation]
  1886 | D:3      | Gained mutation: You are agile. (Dex +2) [potion of
                  | mutation]
  1907 | D:3      | Found a deep blue altar of Sif Muna.
  1988 | D:3      | Found a runed door.
  1992 | D:3      | Noticed Crazy Yiuf
  2001 | D:3      | Killed Crazy Yiuf
  2208 | D:4      | Found a large runed door.
  2212 | D:4      | Found a large runed door.
  2224 | D:4      | Noticed a phantom
  2231 | D:4      | Reached skill level 5 in Unarmed Combat
  2233 | D:4      | Killed a phantom
  2233 | D:4      | Reached XP level 6. HP: 59/61 MP: 5/5
  2263 | D:4      | Found a large runed door.
  2263 | D:4      | Found a large runed door.
  2335 | D:4      | Reached skill level 6 in Unarmed Combat
  2502 | D:4      | Found Tieni's Lightly-Used Armoury.
  2515 | D:4      | Noticed Sigmund
  2532 | D:4      | Killed Sigmund
  2532 | D:4      | Reached XP level 7. HP: 67/67 MP: 6/6
  3214 | D:5      | Entered Level 5 of the Dungeon
  3337 | D:5      | Found a hazy altar of Hepliaklqana.
  3349 | D:5      | Reached skill level 7 in Unarmed Combat
  3376 | D:5      | Found a glowing silver altar of Zin.
  3568 | D:5      | Reached XP level 8. HP: 75/75 MP: 7/7
  3837 | D:5      | Reached skill level 8 in Unarmed Combat
  4167 | D:5      | Found a sacrificial altar of Ru.
  4477 | D:6      | Reached skill level 5 in Dodging
  4527 | D:6      | Reached skill level 9 in Unarmed Combat
  4847 | D:6      | Reached XP level 9. HP: 83/84 MP: 8/8
  5524 | D:7      | Reached skill level 10 in Unarmed Combat
  5690 | D:7      | Found a stormy altar of Qazlal.
  5733 | D:7      | Mangled by an orc warrior

Vault maps used:
D:1:      minmay_arrival_doors, corexii_item_surrounded_by_moat
D:2:      serial_bayou, serial_bayou_pond_a, serial_bayou_pond_e,
          serial_bayou_ford_a, serial_bayou_pond_e, st_stairs_1, uniq_natasha
D:3:      lemuel_blue_sif_altar, uniq_crazy_yiuf_cottage
D:4:      minmay_shop_damaged, minmay_hollow_rounded_squares, uniq_sigmund
D:5:      kennysheep_mini_moat, lemuel_crystal_altar, first_ration, basic_altar,
          minmay_misc_feat_iff
D:7:      nicolae_qazlal_eye_of_the_storm, minmay_temple_entry_wispy,
          corexii_leaking_fountain

Skill      XL: |  1  2  3  4  5  6  7  8  9 |
---------------+----------------------------+-----
Dodging        | 3 4 5 6 |  6.1
Unarmed Combat | 4 5 6 7 9 10 | 10.4
Fighting       | 3 4 |  4.2
Stealth        | 2 |  2.3

Action                   |  1- 3 |  4- 6 |  7- 9 || total
-------------------------+-------+-------+-------++-------
Melee: Unarmed           |   111 |   124 |   268 ||   503
       Punch             |       |     2 |    13 ||    15
  Use: Scroll            |       |     8 |     8 ||    16
       Potion            |       |     3 |     2 ||     5
 Stab: Sleeping          |     2 |     1 |     2 ||     5
       Distracted        |       |       |     1 ||     1
  Eat: Chunk             |    17 |    12 |    29 ||    58
Armor: Robe              |    54 |    48 |   102 ||   204
Dodge: Dodged            |    83 |   106 |   166 ||   355

Table legend:
 A = Non-vault XP
 B = Vault XP
 C = Vault XP percentage of total XP
 D = Non-vault monster count
 E = Vault monster count
 F = Vault count percentage of total count
                 A         B        C        D         E       F
            +---------+---------+-------+---------+---------+-------
      Total |    3546 |     682 |  16.1 |     150 |      13 |   8.0
            +---------+---------+-------+---------+---------+-------
        D:1 |      51 |       0 |   0.0 |      29 |       0 |   0.0
        D:2 |      95 |      39 |  29.1 |      19 |       3 |  13.6
        D:3 |      45 |      42 |  48.3 |      15 |       1 |   6.2
        D:4 |     147 |     601 |  80.3 |      11 |       9 |  45.0
        D:5 |     696 |       0 |   0.0 |      18 |       0 |   0.0
        D:6 |    2099 |       0 |   0.0 |      44 |       0 |   0.0
        D:7 |     413 |       0 |   0.0 |      14 |       0 |   0.0
            +---------+---------+-------+---------+---------+-------
